cohdb
Replays
Latest Replays
All Replays
Popular Replays
Top Player Replays
Match Explorer
How It Works
Community
CoH3 Stats
Reddit
Sign in to upload your games and track your stats! →
Sign in with Steam
Match 42815725
Unlisted
Match 42815725
Overview
Messages
Build Orders
End
Construct Infanterie Kompanie
Kettenkrad Recon Vehicle
MG 42 Machine Gun Team
Grenadier Squad
MG 42 Machine Gun Team
Construct Luftwaffe Kompanie
Flak 30 Anti-aircraft Gun Team
Jäger Squad
Support Elements
Wirbelwind Flakpanzer
Medical Bunker
Marder III M Tank Destroyer
Pioneer Squad
Marder III M Tank Destroyer
Construct Panzergrenadier Kompanie
Nebelwerfer 42 Rocket Launcher Team
Jäger Squad
Kettenkrad Recon Vehicle
Construct Panzer Kompanie
Panzer IV Medium Tank
Stoßtruppen Squad
Nebelwerfer 42 Rocket Launcher Team
Selects Mechanized Battlegroup
Selects Raid Package
Selects StuG Assault Group
Selects UNKNOWN (2160084)
Panzer IV Medium Tank
Joe™
Dave
Saevo
clippen05
0
0
Comments
sign in to comment!
No comments posted yet!